 Dungeon Crawl Stone Soup version 0.30-a0-799-g109b55a442 (webtiles) character file.

Game seed: 13140446529335724002

66 barkas the Ruffian (level 3, -4/36 HPs)
             Began as a Troll Cinder Acolyte on Feb 21, 2023.
             Was a High Priest of Ignis.
             Slain by Edmund
             ... wielding a +5 dire flail of venom
              (5 damage)
             ... on level 4 of the Dungeon.
             The game lasted 00:02:45 (1382 turns).

barkas the Ruffian (Troll Cinder Acolyte)           Turns: 1382, Time: 00:02:45

Health: -4/36      AC:  4    Str: 24    XL:     3   Next: 96%
Magic:  3/3        EV:  9    Int: 10    God:    Ignis [*****.]
Gold:   117        SH:  0    Dex:  5    Spells: 4/4 levels left

rFire   + . .      SeeInvis .      - Unarmed
rCold   . . .      Faith    .    (no shield)
rNeg    . . .      Spirit   .    a - +0 robe
rPois   .          Reflect  .    (helmet restricted)
rElec   .          Harm     .    (no cloak)
rCorr   .          Rampage  .    (gloves unavailable)
Will    .....                    (boots unavailable)
Stlth   +                        (no amulet)
HPRegen 1.06/turn                (no ring)
MPRegen 0.08/turn                (no ring)

@: lethally poisoned (-4 -> -9), about to teleport
A: large, unfitting armour, claws 3, regeneration 1, shaggy fur 1, tough skin 1
a: Renounce Religion, Fiery Armour, Foxfire Swarm, Rising Flame


You were on level 4 of the Dungeon.
You worshipped Ignis.
Ignis was extremely pleased with you.
You visited 1 branch of the dungeon, and saw 5 of its levels.

You collected 117 gold pieces.

Inventory:

Missiles
 b - 7 poisoned darts (quivered)
 j - 3 boomerangs
Armour
 a - a +0 robe (worn)
Jewellery
 g - a ring of see invisible
Wands
 i - a wand of mindburst (8)
Scrolls
 e - a scroll of identify
 h - 2 scrolls of teleportation
 k - a scroll of enchant weapon {unknown}
Potions
 f - a potion of attraction


   Skills:
 + Level 2.9 Fighting
 + Level 1.3 Throwing
 * Level 4.1 Unarmed Combat
 - Level 1.0 Spellcasting
 - Level 2.1 Fire Magic


You had 4 spell levels left.
You didn't know any spells.
Your spell library contained the following spells:

 Spells                   Type           Power      Damage    Failure   Level
 Scorch                   Fire           8%         2d5       22%         2


Dungeon Overview and Level Annotations

Branches:
Dungeon (5/15)
 Temple: D:4-7

Altars:

Annotations:
D:2 Sigmund
D:4 Blork the orc, Edmund


Innate Abilities, Weirdness & Mutations

You are too large for most types of armour.
You have claws for hands.
Your natural rate of healing is unusually fast.
You are covered in fur. (AC +1)
You have tough skin. (AC +1)


Message History

The hobgoblin barely misses you.
Aiming: Mindburst
Press: ? - help, Shift-Dir - straight line, f/p - Blork the orc
Aim: Blork the orc, wielding a +0 halberd of venom and wearing a +0 robe (chance to affect: 64%) Blork the orc struggles to resist.
You feel sick.
Blork the orc hits you with a +0 halberd of venom!
* * * LOW HITPOINT WARNING * * *
You are lethally poisoned!
The hobgoblin closely misses you.
You feel better. Blork the orc barely misses you.
The hobgoblin closely misses you.
Aiming: Mindburst
Press: ? - help, Shift-Dir - straight line, f/p - Blork the orc
Aim: Blork the orc, wielding a +0 halberd of venom and wearing a +0 robe (chance to affect: 64%) Blork the orc struggles to resist.
Blork the orc barely misses you. The hobgoblin hits you.
Aiming: Mindburst
Press: ? - help, Shift-Dir - straight line, f/p - Blork the orc
Aim: Blork the orc, wielding a +0 halberd of venom and wearing a +0 robe (chance to affect: 64%) Blork the orc struggles to resist.
Blork the orc grunts repeatedly.
Blork the orc closely misses you. The hobgoblin hits you.
Edmund the Younger comes into view.
He is wielding a +5 dire flail of venom.
As you read the scroll labelled TARICO BOUCO, it crumbles to dust.
You feel aware of your surroundings.
It was a scroll of magic mapping.
Blork the orc hits you with a +0 halberd of venom!
* * * LOW HITPOINT WARNING * * *
The hobgoblin hits you but does no damage.
As you read the scroll labelled HADDEE TUOR, it crumbles to dust.
It is a scroll of identify.
h - 3 scrolls of teleportation Blork the orc barely misses you.
The hobgoblin hits you but does no damage.
As you read the scroll of teleportation, it crumbles to dust.
You feel strangely unstable.
Blork the orc hits you with a +0 halberd of venom!
* * * LOW HITPOINT WARNING * * *
You are lethally poisoned!
Edmund hits you with a +5 dire flail of venom.
You die...

********,* ***
****,,,,,**,* *,*
*,,,,,**,**,* *,*
######### *,,,,,**,**,*
*<* #.......#
*,,,,^**,**,* *,*
#.......# *,,,,,,,,**,,
*,* #.......#
*,,,,,,****** *,*
#(......# *,,,,,,,,,,,*
*,* #.....@o#
*,,,,,*****,* *,*
#.....g@#**,,,,,,,,,*,*
*,*
#.........,,**+*,*,**,*
*,*
#.......###,**,*,*,**,,
*,*
#####.###,,,**,*,*,,,,*
*,* *,#.*
*,****,*,*,,*,* *,*
*,#.* *,,,,,,,,,,,*<*
*,*
****,#.********,*,**,*,*
*,*
*,,,,*,,,,,,,,,,*,*,,*,*


You could see Edmund, Blork the orc and a hobgoblin.

Vanquished Creatures
  Ijyb (D:3)
  An adder (D:2)
  4 bats
  3 endoplasms
  3 giant cockroaches
  3 goblins
  A hobgoblin (D:2)
  5 quokkas
  A ball python (D:1)
  2 frilled lizards
  4 kobolds
  3 rats
31 creatures vanquished.

Notes
Turn   | Place    | Note
-------+----------+-------------------------------------------
     0 | D:1      | barkas the Troll Cinder Acolyte began the quest for the
                  | Orb.
     0 | D:1      | Reached XP level 1. HP: 22/22 MP: 1/1
   181 | D:1      | Reached XP level 2. HP: 25/29 MP: 2/2
   843 | D:2      | Noticed Sigmund
   933 | D:2      | Reached XP level 3. HP: 36/36 MP: 3/3
   999 | D:2      | Reached skill level 1 in Throwing
  1076 | D:3      | Noticed Ijyb
  1083 | D:3      | Killed Ijyb
  1084 | D:3      | Reached skill level 4 in Unarmed Combat
  1369 | D:3      | You fall into a shaft and drop 2 floors!
  1369 | D:5      | Entered Level 5 of the Dungeon
  1373 | D:4      | Noticed Blork the orc
  1379 | D:4      | Noticed Edmund
  1382 | D:4      | HP: 1/36 [Blork the orc/+0 halberd of venom (9)]
  1382 | D:4      | Slain by Edmund

Illustrated notes

Levels and vault maps discovered:
D:1:      ncdulo_halloftheorcs, layout_basic
D:2:      layout_loops_ring, uniq_sigmund, uniq_crazy_yiuf_cottage
D:3:      layout_basic, nicolae_overflow_hidden_temple, uniq_ijyb
D:4:      layout_basic, uniq_blork_the_orc, uniq_grinder, uniq_eustachio,
          uniq_edmund
D:5:      layout_cave_pods, uniq_pikel

Skill      XL: |  1  2  3 |
---------------+----------+-----
Throwing       | 1 |  1.3
Unarmed Combat | 4 |  4.1
Fighting       | |  2.9
Spellcasting   | |  1.0
Fire Magic     | |  2.1

Action                     || total
---------------------------++-------
  Melee: Unarmed           ||    92
         Punch             ||     3
  Evoke: Wand              ||     5
    Use: Potion            ||     5
         Scroll            ||     3
 Armour: Robe              ||    30
         Skin              ||     5
  Dodge: Dodged            ||    41

Table legend: (Time is in decaauts)
 A = Elapsed time spent in this place.
 B = Non-inter-level travel time spent in this place.
 C = Inter-level travel time spent in this place.
 D = Time resting spent in this place.
 E = Time spent auto-exploring this place.
 F = Levels seen in this place.
 G = Mean time per level.
                   A        B        C        D        E       F      G
               +--------+--------+--------+--------+--------+-----+--------+
         Total |   1374 |   1239 |    135 |     31 |    857 |   5 |  274.8 |
       Dungeon |   1374 |   1239 |    135 |     31 |    857 |   5 |  274.8 |
               +--------+--------+--------+--------+--------+-----+--------+

Top non-repeatable levels by time:
     D:1: 894 daAuts
     D:3: 308 daAuts
     D:2: 158 daAuts
     D:4: 8 daAuts
     D:5: 3 daAuts
